 Dungeon Crawl Stone Soup version 0.30-a0-1082-g70414cbcbb (webtiles) character file.

Game seed: 7407384749469224550

606 Lusmu the Purveyor of Pain (level 7, 0/36 HPs)
             Began as a Tengu Necromancer on Apr 15, 2023.
             Was an Initiate of Kikubaaqudgha.
             Slain by an iguana (10 damage)
             ... on level 5 of the Dungeon.
             The game lasted 00:28:49 (5413 turns).

Lusmu the Purveyor of Pain (Tengu Necromancer)      Turns: 5413, Time: 00:28:50

Health: 0/36       AC:  3    Str:  8    XL:     7   Next: 42%
Magic:  10/14      EV: 15    Int: 18    God:    Kikubaaqudgha [......]
Gold:   301        SH:  0    Dex: 14    Spells: 6/14 levels left

rFire   . . .      SeeInvis .    v - +2 dagger (venom)
rCold   . . .      Faith    .    (no shield)
rNeg    + . .      Spirit   .    a - +0 robe
rPois   .          Reflect  .    (helmet restricted)
rElec   .          Rampage  .    (no cloak)
rCorr   .                        q - +0 pair of gloves
Will    .....                    (boots unavailable)
Stlth   +++                      (no amulet)
HPRegen 0.26/turn                k - ring of positive energy
MPRegen 0.14/turn                (no ring)

@: flying quickly and evasively, very slightly contaminated, quick
A: beak, talons 3, nimble flight
a: Renounce Religion


You were on level 5 of the Dungeon.
You worshipped Kikubaaqudgha.
Kikubaaqudgha was noncommittal.
You visited 2 branches of the dungeon, and saw 6 of its levels.

You collected 301 gold pieces.

Inventory:

Hand Weapons
 e - a +4 sling
 v - a +2 dagger of venom (weapon)
Armour
 a - a +0 robe (worn)
 q - a +0 pair of gloves (worn)
Jewellery
 k - a ring of positive energy (left hand)
 t - a ring of fire
 B - a ring of poison resistance
Wands
 z - a wand of mindburst (8)
Scrolls
 c - a scroll of teleportation
 d - a scroll of noise {unknown}
 f - a scroll of amnesia
 g - a scroll of identify
 h - 2 scrolls of enchant weapon {unknown}
 i - 2 scrolls of torment {unknown}
 l - a scroll of vulnerability {unknown}
 o - 2 scrolls of fog {unknown}
 p - 2 scrolls of brand weapon {unknown}
 r - 2 scrolls of immolation {unknown}
 s - a scroll of enchant armour {unknown}
 u - 2 scrolls of fear {unknown}
 y - a scroll of blinking {unknown}
 A - 3 scrolls of poison {unknown}
Potions
 b - 2 potions of magic
 j - 4 potions of attraction {unknown}
 m - a potion of lignification
 n - a potion of heal wounds
 w - 2 potions of curing {unknown}
 x - 2 potions of ambrosia {unknown}


   Skills:
 - Level 2.3 Dodging
 + Level 5.4 Stealth
 - Level 4.0 Spellcasting
 + Level 6.8 Necromancy


You had 6 spell levels left.
You knew the following spells:

 Your Spells              Type           Power      Damage    Failure   Level
a - Necrotise             Necr           100%       1d9       1%          1
b - Vampiric Draining     Necr           28%        2d8       2%          3
c - Animate Dead          Necr           28%        N/A       9%          4

Your spell library contained the following spells:

 Spells                   Type           Power      Damage    Failure   Level
 Apportation              Tloc           6%         N/A       14%         1
 Summon Small Mammal      Summ           12%        N/A       14%         1
 Ensorcelled Hibernation  Hex/Ice        6%         N/A       22%         2
 Passwall                 Tmut/Erth      2%         N/A       22%         2
 Agony                    Necr           28%        N/A       24%         5
 Hailstorm                Conj/Ice       3%         3d3       41%         3
 Swiftness                Air            3%         N/A       41%         3
 Ice Form                 Ice/Tmut       3%         N/A       82%         4
 Manifold Assault         Tloc           3%         N/A       82%         4
 Simulacrum               Ice/Necr       7%         N/A       99%         6
 Dispersal                Tloc           1%         N/A       100%        6
 Disjunction              Tloc           1%         N/A       100%        8


Dungeon Overview and Level Annotations

Branches:
Dungeon (5/15)             Temple (1/1) D:5

Altars:
Ashenzari
Cheibriados
Dithmenos
Elyvilon
Fedhas
Gozag
Hepliaklqana
Kikubaaqudgha
Makhleb
Nemelex Xobeh
Okawaru
Qazlal
Ru
Sif Muna
Trog
Uskayaw
Vehumet
Wu Jian
Xom
Yredelemnul
Zin

Annotations:
D:3 Grinder


Innate Abilities, Weirdness & Mutations

You have a beak for a mouth.
You have claws for feet.
Your magical nature lets you fly swiftly and evasively.


Message History

Found 5 stones.
An iguana comes into view.
Casting: Vampiric Draining (dangerous; 2% risk of failure)
Confirm with . or Enter, or press ? or * to list all spells.
Okay, then.
Fire: e) +4 sling
Press: ? - help, Q - select action, (/) - cycle Shift-Dir - straight line, f - iguana
Aim: an iguana (asleep, 98% to hit)
You shoot a sling bullet. The sling bullet hits the iguana.
The iguana hisses angrily.
The iguana is lightly wounded.
Fire: e) +4 sling
Press: ? - help, Q - select action, (/) - cycle Shift-Dir - straight line, f/p - iguana
Aim: an iguana (lightly wounded, 64% to hit)
You shoot a sling bullet.
The sling bullet barely misses the iguana.
Fire: e) +4 sling
Press: ? - help, Q - select action, (/) - cycle Shift-Dir - straight line, f/p - iguana
Aim: an iguana (lightly wounded, 64% to hit)
You shoot a sling bullet. The sling bullet hits the iguana.
The iguana is moderately wounded.
Casting: Vampiric Draining (dangerous; 2% risk of failure)
Confirm with . or Enter, or press ? or * to list all spells.
The spell is quite dangerous to miscast (9% risk of failure)!
Continue anyway?
You miscast Animate Dead.
You are very lightly contaminated with residual magic.
Nothing appears to happen.
The iguana bites you!
Okay, then.
Your +2 dagger of venom begins to drip with poison!
v - a +2 dagger of venom (weapon)
You closely miss the iguana. You claw the iguana, but do no damage.
Your peck misses the iguana.
The iguana is moderately wounded.
The iguana bites you!
* * * LOW HITPOINT WARNING * * *
You hit the iguana but do no damage.
The iguana is lightly wounded.
The iguana bites you!
You die...
Kikubaaqudgha rasps: "You have failed me!
Welcome... death!"

#..........>...
#####..........
#..........
########........##
<......'........'.
###############........##
................####.....
...(.....######.####.####
#.l@.............#
#...#.#....#.####..#
#.###.#.##.........# #
#.#....#.......#
#.###########..### #..
............. ###
#############


You could see an iguana.

Vanquished Creatures
  An ice beast (D:5)
  A scorpion (D:5)
  3 hounds (D:5)
  A jelly (D:5)
  2 orc priests
  A sleepcap (D:5)
  2 iguanas (D:5)
  8 adders
  A shadow imp (D:5)
  2 ufetubi
  2 worms
  3 dart slugs
  9 orcs
  4 ball pythons
  5 endoplasms
  4 giant cockroaches
  4 hobgoblins
  7 jackals
  3 kobolds
  2 quokkas (D:2)
  8 bats
  5 frilled lizards
  11 goblins
  4 rats
93 creatures vanquished.

Vanquished Creatures (collateral kills)
  A white imp (D:5)
  A goblin (D:4)
  A frilled lizard (D:1)
3 creatures vanquished.

Grand Total: 96 creatures vanquished

Notes
Turn   | Place    | Note
-------+----------+-------------------------------------------
     0 | D:1      | Lusmu the Tengu Necromancer began the quest for the Orb.
     0 | D:1      | Reached XP level 1. HP: 10/10 MP: 4/4
   293 | D:1      | Reached XP level 2. HP: 14/15 MP: 3/6
   652 | D:1      | Reached XP level 3. HP: 19/19 MP: 7/7
  1637 | D:2      | Reached skill level 5 in Necromancy
  1637 | D:2      | Reached XP level 4. HP: 24/24 MP: 5/9
  2272 | D:3      | Gained mutation: Your magical nature lets you fly swiftly
                  | and evasively. [Tengu growth]
  2272 | D:3      | Reached XP level 5. HP: 8/28 MP: 5/10
  2701 | D:3      | Learned a level 3 spell: Vampiric Draining
  2797 | D:3      | Noticed Grinder
  3686 | D:5      | Entered Level 5 of the Dungeon
  3724 | D:5      | Noticed an ice beast
  3977 | D:5      | Reached XP level 6. HP: 31/32 MP: 8/12
  4082 | D:5      | Reached skill level 6 in Necromancy
  4225 | D:5      | Found a staircase to the Ecumenical Temple.
  4232 | Temple   | Entered the Ecumenical Temple
  4584 | Temple   | Became a worshipper of Kikubaaqudgha
  4608 | D:5      | Learned a level 4 spell: Animate Dead
  4898 | D:5      | Reached XP level 7. HP: 30/36 MP: 10/14
  5113 | D:5      | Reached skill level 5 in Stealth
  5413 | D:5      | Slain by an iguana

Illustrated notes

Levels and vault maps discovered:
D:1:      psy_arrival_basics, layout_basic, hex_intersection
D:2:      layout_loops_ring
D:3:      layout_basic, serial_bayou_pond_e, minmay_misc_feat_more_columns,
          uniq_grinder
D:4:      layout_basic, skrybe_limestone_x
D:5:      layout_basic, minmay_temple_entry_arrows, minivault_24,
          minmay_starry_boxes
Temple:   compressed_dpeg_triangle_lava_temple

Skill      XL: |  1  2  3  4  5  6  7 |
---------------+----------------------+-----
Stealth        | 3 4 5 |  5.4
Necromancy     | 5 6 |  6.8
Spellcasting   | 3 4 |  4.0
Dodging        | |  2.3

Action                     |  1- 3 |  4- 6 |  7- 9 || total
---------------------------+-------+-------+-------++-------
  Melee: Club              |    17 |       |       ||    17
         Peck              |     2 |       |       ||     2
         Kick              |     7 |     8 |     1 ||    16
         Dagger            |       |    19 |     2 ||    21
   Fire: Sling             |    45 |    74 |     8 ||   127
   Cast: Necrotise         |    31 |    58 |     2 ||    91
         Vampiric Draining |       |     1 |     2 ||     3
  Evoke: Wand              |       |       |     1 ||     1
    Use: Scroll            |       |     4 |       ||     4
   Stab: Sleeping          |     2 |     2 |       ||     4
 Armour: Robe              |    14 |     4 |       ||    18
  Dodge: Dodged            |    31 |    40 |       ||    71

Table legend: (Time is in decaauts)
 A = Elapsed time spent in this place.
 B = Non-inter-level travel time spent in this place.
 C = Inter-level travel time spent in this place.
 D = Time resting spent in this place.
 E = Time spent auto-exploring this place.
 F = Levels seen in this place.
 G = Mean time per level.
                   A        B        C        D        E       F      G
               +--------+--------+--------+--------+--------+-----+--------+
         Total |   5207 |   5088 |    119 |    171 |   3679 |   6 |  867.8 |
       Dungeon |   4876 |   4809 |     67 |    171 |   3447 |   5 |  975.2 |
        Temple |    331 |    280 |     51 |      0 |    231 |   1 |  331.0 |
               +--------+--------+--------+--------+--------+-----+--------+

Top non-repeatable levels by time:
     D:5: 1275 daAuts
     D:3: 1136 daAuts
     D:1: 914 daAuts
     D:2: 875 daAuts
     D:4: 675 daAuts
  Temple: 331 daAuts
